| TOP OF THE 1ST |
|
Louisville Stallions batting - Pitching for Columbus Clippers : RHP Philip Johnson
|
|
Pitching: RHP Philip Johnson
|
|
|
Batting: SHB Harry Chappas
|
0-0: Ball 1-0: Ball 2-0: Foul Ball, location: 2F 2-1: Ball 3-1: Foul Ball, location: 2F 3-2: Fly out, F4 (Line Drive, 4, EV 66.9 MPH)
|
|
Batting: LHB Ted May
|
0-0: Ball 1-0: Ball 2-0: Ball 3-0: Swinging Strike 3-1: Base on Balls
|
|
Batting: LHB Mauricio Gracia
|
0-0: Fielders Choice at 2nd, 4-6 (Groundball, 4, EV 94.4 MPH)
|
|
Batting: RHB Devin Pike
|
0-0: Ball Mauricio Gracia steals 2nd, throwing error, E2 Mauricio Gracia to third 1-0: Ball 2-0: DOUBLE (Line Drive, 9LS, EV 94.4 MPH) Mauricio Gracia scores
|
|
Batting: SHB Gerald DeSimone
|
0-0: Ball 1-0: Ball 2-0: Called Strike 2-1: Called Strike 2-2: Ball 3-2: Foul Ball, location: 2F 3-2: Base on Balls
|
|
Batting: RHB Kelly Heath
|
0-0: Ball 1-0: Called Strike 1-1: Ball 2-1: Ball 3-1: Foul Ball, location: 2F 3-2: Ground out 6-3 (Groundball, 6S, EV 88.1 MPH)
|
| Top of the 1st over - 1 run, 1 hit, 1 error, 2 left on base; Louisville 1 - Columbus 0 |
| BOTTOM OF THE 1ST |
|
Columbus Clippers batting - Pitching for Louisville Stallions : LHP Mark Thurmond
|
|
Pitching: LHP Mark Thurmond
|
|
|
Batting: SHB Curt Wilkerson
|
0-0: Ball 1-0: Ball 2-0: Called Strike 2-1: Called Strike 2-2: Ground out 6-3 (Groundball, 6M, EV 106.9 MPH)
|
|
Batting: RHB Javier Leyva
|
0-0: Foul Ball, location: 2F 0-1: Ball 1-1: Swinging Strike 1-2: SINGLE (Groundball, 56D, EV 96.9 MPH)
|
|
Batting: RHB Rod Allen
|
0-0: Ball 1-0: Ball Javier Leyva is caught stealing 2nd base 2-4 2-0: Swinging Strike 2-1: SINGLE (Popup, 6MD, EV 62.5 MPH)
|
|
Batting: LHB Barry Butera
|
0-0: Called Strike 0-1: Ball 1-1: Called Strike 1-2: Ball Rod Allen steals 2nd base 2-2: Ground out U3 (Groundball, 3S, EV 93.8 MPH)
|
| Bottom of the 1st over - 0 runs, 2 hits, 0 errors, 1 left on base; Louisville 1 - Columbus 0 |
| TOP OF THE 2ND |
|
Louisville Stallions batting - Pitching for Columbus Clippers : RHP Philip Johnson
|
|
Batting: LHB Steven Mobberley
|
0-0: Ground out 6-3 (Groundball, 6, EV 86.9 MPH)
|
|
Batting: RHB Gordy Hodgson
|
0-0: Ball 1-0: Swinging Strike 1-1: Called Strike 1-2: Ground out 4-3 (Groundball, 34, EV 83.1 MPH)
|
|
Batting: LHB Joe Lefebvre
|
0-0: Called Strike 0-1: Swinging Strike 0-2: Ball 1-2: Fly out, F8 (Flyball, 8LS, EV 88.1 MPH)
|
| Top of the 2nd over - 0 runs, 0 hits, 0 errors, 0 left on base; Louisville 1 - Columbus 0 |
| BOTTOM OF THE 2ND |
|
Columbus Clippers batting - Pitching for Louisville Stallions : LHP Mark Thurmond
|
|
Batting: LHB Elijah Bonaparte
|
0-0: Called Strike 0-1: Foul Ball, location: 2F 0-2: Ball 1-2: Foul Ball, location: 2F 1-2: Ball 2-2: Strikes out swinging
|
|
Batting: RHB Tracy Anderson
|
0-0: Swinging Strike 0-1: Called Strike 0-2: Ball 1-2: Strikes out swinging
|
|
Batting: LHB Jordan Medrano
|
0-0: Swinging Strike 0-1: Ball 1-1: Foul Ball, location: 2F 1-2: Ball 2-2: Foul Ball, location: 2F 2-2: SINGLE (Groundball, 4MD, EV 101.9 MPH)
|
|
Batting: RHB Randy Gomez
|
0-0: Called Strike 0-1: Fly out, F7 (Flyball, 7, EV 84.4 MPH)
|
| Bottom of the 2nd over - 0 runs, 1 hit, 0 errors, 1 left on base; Louisville 1 - Columbus 0 |
| TOP OF THE 3RD |
|
Louisville Stallions batting - Pitching for Columbus Clippers : RHP Philip Johnson
|
|
Batting: SHB Harry Chappas
|
0-0: Ball 1-0: Called Strike 1-1: SINGLE (Groundball, 4MD, EV 105.6 MPH)
|
|
Batting: LHB Ted May
|
0-0: Ball 1-0: Foul Ball, location: 2F 1-1: Foul Ball, location: 2F 1-2: Foul Ball, location: 2F 1-2: Ball 2-2: Ball 3-2: Foul Ball, location: 2F 3-2: Fielders Choice at 2nd, 5-4 (Groundball, 56, EV 77.5 MPH)
|
|
Batting: LHB Mauricio Gracia
|
0-0: Ball 1-0: Ball 2-0: Ball 3-0: Base on Balls Ted May to second
|
|
Batting: RHB Devin Pike
|
0-0: Called Strike 0-1: Swinging Strike 0-2: Ball 1-2: Foul Ball, location: 2F 1-2: Ball 2-2: Strikes out swinging
|
|
Batting: SHB Gerald DeSimone
|
0-0: Ball 1-0: Ball 2-0: Ball 3-0: Base on Balls Ted May to third Mauricio Gracia to second
|
|
Batting: RHB Kelly Heath
|
0-0: Ball 1-0: Ball 2-0: Called Strike 2-1: Ball 3-1: Foul Ball, location: 2F 3-2: Fly out, F9 (Line Drive, 9, EV 98.1 MPH)
|
| Top of the 3rd over - 0 runs, 1 hit, 0 errors, 3 left on base; Louisville 1 - Columbus 0 |
| BOTTOM OF THE 3RD |
|
Columbus Clippers batting - Pitching for Louisville Stallions : LHP Mark Thurmond
|
|
Batting: RHB Alex Rodriguez
|
0-0: Called Strike 0-1: DOUBLE (Flyball, 78D, EV 97.5 MPH)
|
|
Batting: SHB Curt Wilkerson
|
0-0: Called Strike 0-1: Ball 1-1: Called Strike 1-2: Fly out, F9 (Line Drive, 9, EV 96.3 MPH)
|
|
Batting: RHB Javier Leyva
|
0-0: Called Strike 0-1: Foul Ball, location: 2F 0-2: Ground out 6-3 (Groundball, 6, EV 91.3 MPH)
|
|
Batting: RHB Rod Allen
|
0-0: SINGLE (Groundball, 25, EV 60.6 MPH) (infield hit) Alex Rodriguez to third
|
|
Batting: LHB Barry Butera
|
0-0: Fly out, F6 (Line Drive, 6, EV 69.4 MPH)
|
| Bottom of the 3rd over - 0 runs, 2 hits, 0 errors, 2 left on base; Louisville 1 - Columbus 0 |
| TOP OF THE 4TH |
|
Louisville Stallions batting - Pitching for Columbus Clippers : RHP Philip Johnson
|
|
Batting: LHB Steven Mobberley
|
0-0: Called Strike 0-1: Ball 1-1: Called Strike 1-2: Foul Ball, location: 2F 1-2: Ball 2-2: Foul Ball, location: 2F 2-2: Ball 3-2: Reached on error, E3 (Groundball, 34, EV 96.3 MPH)
|
|
Batting: RHB Gordy Hodgson
|
0-0: Called Strike 0-1: Ball 1-1: Grounds into double play, 5-4-3 (Groundball, 56S, EV 85.6 MPH)
|
|
Batting: LHB Joe Lefebvre
|
0-0: Called Strike 0-1: SINGLE (Groundball, 6MD, EV 95.6 MPH)
|
|
Batting: SHB Harry Chappas
|
0-0: Called Strike 0-1: Swinging Strike 0-2: Ground out U3 (Groundball, 3, EV 79.4 MPH)
|
| Top of the 4th over - 0 runs, 1 hit, 1 error, 1 left on base; Louisville 1 - Columbus 0 |
| BOTTOM OF THE 4TH |
|
Columbus Clippers batting - Pitching for Louisville Stallions : LHP Mark Thurmond
|
|
Batting: LHB Elijah Bonaparte
|
0-0: Swinging Strike 0-1: Ball 1-1: Called Strike 1-2: Foul Ball, location: 2F 1-2: Ball 2-2: TRIPLE (Line Drive, 78XD, EV 105.6 MPH)
|
|
Batting: RHB Tracy Anderson
|
0-0: Called Strike 0-1: Reached on error, E5 (Groundball, 56, EV 89.4 MPH) Elijah Bonaparte scores
|
|
Batting: LHB Jordan Medrano
|
0-0: Ball 1-0: Called Strike 1-1: Foul Ball, location: 2F 1-2: Ground out 3-1 (Groundball, 34, EV 87.5 MPH) Tracy Anderson to third
|
|
Batting: RHB Randy Gomez
|
0-0: Ground out 6-3 (Groundball, 6, EV 76.9 MPH) Tracy Anderson scores
|
|
Batting: RHB Alex Rodriguez
|
0-0: Ball 1-0: Called Strike 1-1: Foul Ball, location: 2F 1-2: Ball 2-2: Ball 3-2: Strikes out looking
|
| Bottom of the 4th over - 2 runs, 1 hit, 1 error, 0 left on base; Louisville 1 - Columbus 2 |
| TOP OF THE 5TH |
|
Louisville Stallions batting - Pitching for Columbus Clippers : RHP Philip Johnson
|
|
Batting: LHB Ted May
|
0-0: Ball 1-0: Ball 2-0: Foul Ball, location: 2F 2-1: Foul Ball, location: 2F 2-2: Strikes out looking
|
|
Batting: LHB Mauricio Gracia
|
0-0: Foul Ball, location: 2F 0-1: Ball 1-1: Ball 2-1: Swinging Strike 2-2: Ball 3-2: Foul Ball, location: 2F 3-2: Foul Ball, location: 2F 3-2: Fly out, F8 (Flyball, 78D, EV 107.5 MPH)
|
|
Batting: RHB Devin Pike
|
0-0: Foul Ball, location: 2F 0-1: Foul Ball, location: 2F 0-2: Ball 1-2: Fly out, F6 (Popup, 6MD, EV 45.0 MPH)
|
| Top of the 5th over - 0 runs, 0 hits, 0 errors, 0 left on base; Louisville 1 - Columbus 2 |
| BOTTOM OF THE 5TH |
|
Columbus Clippers batting - Pitching for Louisville Stallions : LHP Mark Thurmond
|
|
Batting: SHB Curt Wilkerson
|
0-0: Fly out, F8 (Flyball, 8RD, EV 97.5 MPH)
|
|
Batting: RHB Javier Leyva
|
0-0: Ball 1-0: Ball 2-0: Ground out 4-3 (Groundball, 4, EV 108.8 MPH)
|
|
Batting: RHB Rod Allen
|
0-0: Fly out, F9 (Flyball, 9S, EV 94.4 MPH)
|
| Bottom of the 5th over - 0 runs, 0 hits, 0 errors, 0 left on base; Louisville 1 - Columbus 2 |
| TOP OF THE 6TH |
|
Louisville Stallions batting - Pitching for Columbus Clippers : RHP Philip Johnson
|
|
Batting: SHB Gerald DeSimone
|
0-0: Ball 1-0: Ball 2-0: Hit by Pitch
|
|
Batting: RHB Kelly Heath
|
0-0: Ball 1-0: Bunt missed! 1-1: Bunt missed! 1-2: Strikes out swinging
|
|
Batting: LHB Steven Mobberley
|
0-0: Foul Ball, location: 2F 0-1: Ball 1-1: Ball 2-1: Swinging Strike 2-2: Foul Ball, location: 2F 2-2: Ball 3-2: Base on Balls Gerald DeSimone to second
|
|
Batting: RHB Gordy Hodgson
|
0-0: Called Strike 0-1: Ball 1-1: Foul Ball, location: 2F 1-2: Foul Ball, location: 2F 1-2: Foul Ball, location: 2F 1-2: Ball 2-2: SINGLE (Line Drive, 89M, EV 100.6 MPH) Gerald DeSimone to third Steven Mobberley to second
|
|
Pitching: RHP Joseph Georger
|
|
|
Batting: LHB Joe Lefebvre
|
0-0: Ball 1-0: Ball 2-0: Ball 3-0: Called Strike 3-1: Grounds into double play, 6-2-3 (Groundball, 6, EV 97.5 MPH)
|
| Top of the 6th over - 0 runs, 1 hit, 0 errors, 2 left on base; Louisville 1 - Columbus 2 |
| BOTTOM OF THE 6TH |
|
Columbus Clippers batting - Pitching for Louisville Stallions : LHP Mark Thurmond
|
|
Batting: LHB Barry Butera
|
0-0: Called Strike 0-1: Called Strike 0-2: Ball 1-2: Ball 2-2: Ball 3-2: Base on Balls
|
|
Batting: LHB Elijah Bonaparte
|
0-0: Ball 1-0: Called Strike 1-1: Reached on error, E5 (Groundball, 56S, EV 87.5 MPH) Barry Butera to second
|
|
Batting: RHB Tracy Anderson
|
0-0: Grounds into double play, 3-6-3 (Groundball, 34, EV 89.4 MPH) Barry Butera to third
|
|
Batting: LHB Jordan Medrano
|
0-0: Ball 1-0: Ground out U3 (Groundball, 3L, EV 102.5 MPH)
|
| Bottom of the 6th over - 0 runs, 0 hits, 1 error, 1 left on base; Louisville 1 - Columbus 2 |
| TOP OF THE 7TH |
|
Louisville Stallions batting - Pitching for Columbus Clippers : RHP Joseph Georger
|
|
Batting: SHB Harry Chappas
|
0-0: SINGLE (Line Drive, 9S, EV 93.1 MPH)
|
|
Batting: LHB Ted May
|
0-0: Ball 1-0: Called Strike Harry Chappas steals 2nd base (no throw) 1-1: SINGLE (Flyball, 8RS, EV 94.4 MPH) Harry Chappas to third Runner from 3rd tries for Home, SAFE, throw by CF to home
|
|
Batting: LHB Mauricio Gracia
|
0-0: Ball 1-0: Fielders Choice at 2nd, 4-6 (Groundball, 4, EV 100.0 MPH)
|
|
Batting: RHB Devin Pike
|
0-0: Called Strike 0-1: Called Strike 0-2: Strikes out swinging
|
|
Batting: SHB Gerald DeSimone
|
0-0: Ball 1-0: Foul Ball, location: 2F 1-1: Called Strike 1-2: Ball Mauricio Gracia steals 2nd base (no throw) 2-2: Strikes out swinging
|
| Top of the 7th over - 1 run, 2 hits, 0 errors, 1 left on base; Louisville 2 - Columbus 2 |
| BOTTOM OF THE 7TH |
|
Columbus Clippers batting - Pitching for Louisville Stallions : LHP Mark Thurmond
|
|
Batting: RHB Randy Gomez
|
0-0: Ball 1-0: Foul Ball, location: 2F 1-1: Ground out 6-3 (Groundball, 6, EV 100.6 MPH)
|
|
Batting: RHB Alex Rodriguez
|
0-0: Ball 1-0: Called Strike 1-1: Ball 2-1: Ball 3-1: Called Strike 3-2: Foul Ball, location: 2F 3-2: Foul Ball, location: 2F 3-2: Fly out, F8 (Flyball, 8LXD, EV 81.3 MPH)
|
|
Batting: SHB Curt Wilkerson
|
0-0: Called Strike 0-1: Fly out, F3 (Popup, 23F, EV 78.1 MPH)
|
| Bottom of the 7th over - 0 runs, 0 hits, 0 errors, 0 left on base; Louisville 2 - Columbus 2 |
| TOP OF THE 8TH |
|
Louisville Stallions batting - Pitching for Columbus Clippers : RHP Joseph Georger
|
|
Batting: RHB Kelly Heath
|
0-0: Called Strike 0-1: SINGLE (Groundball, 6MD, EV 101.9 MPH)
|
|
Batting: LHB Steven Mobberley
|
0-0: Called Strike 0-1: Foul Ball, location: 2F 0-2: Foul Ball, location: 2F 0-2: Ball 1-2: Ball Passed Ball! Kelly Heath to second 2-2: Foul Ball, location: 2F 2-2: SINGLE (Line Drive, 6D, EV 94.4 MPH) Kelly Heath to third Runner from 3rd tries for Home, SAFE, throw by CF to home
|
|
Batting: RHB Gordy Hodgson
|
0-0: Ball 1-0: Ball 2-0: Fly out, F8 (Flyball, 8LM, EV 81.9 MPH)
|
|
Batting: LHB Joe Lefebvre
|
0-0: Called Strike 0-1: Ball 1-1: Ball 2-1: Foul Ball, location: 2F 2-2: Ball 3-2: Strikes out swinging Steven Mobberley steals 2nd base Batter strikes out.
|
|
Batting: SHB Harry Chappas
|
0-0: Called Strike 0-1: Ball 1-1: Called Strike 1-2: Ball 2-2: Ball 3-2: Foul Ball, location: 2F 3-2: Base on Balls
|
|
Pitching: RHP Joe Cowley
|
|
|
Batting: LHB Ted May
|
0-0: Ball 1-0: Ball 2-0: Ball 3-0: Base on Balls Steven Mobberley to third Harry Chappas to second
|
|
Batting: LHB Mauricio Gracia
|
0-0: Ground out 4-3 (Groundball, 4, EV 77.5 MPH)
|
| Top of the 8th over - 1 run, 2 hits, 0 errors, 3 left on base; Louisville 3 - Columbus 2 |
| BOTTOM OF THE 8TH |
|
Columbus Clippers batting - Pitching for Louisville Stallions : LHP Mark Thurmond
|
|
Pitching: RHP Al Gallegos
|
|
|
Batting: RHB Javier Leyva
|
0-0: Called Strike 0-1: Called Strike 0-2: Ball 1-2: Ball 2-2: Foul Ball, location: 2F 2-2: Ground out 6-3 (Groundball, 6, EV 87.5 MPH)
|
|
Batting: RHB Rod Allen
|
0-0: Swinging Strike 0-1: Ball 1-1: Called Strike 1-2: Strikes out swinging
|
|
Batting: LHB Barry Butera
|
0-0: Ground out 4-3 (Groundball, 4, EV 98.1 MPH)
|
| Bottom of the 8th over - 0 runs, 0 hits, 0 errors, 0 left on base; Louisville 3 - Columbus 2 |
| TOP OF THE 9TH |
|
Louisville Stallions batting - Pitching for Columbus Clippers : RHP Joe Cowley
|
|
Batting: RHB Devin Pike
|
0-0: Ball 1-0: Swinging Strike 1-1: Ball 2-1: Called Strike 2-2: Foul Ball, location: 2F 2-2: Ball 3-2: Foul Ball, location: 2F 3-2: Strikes out looking
|
|
Batting: SHB Gerald DeSimone
|
0-0: Called Strike 0-1: Ball 1-1: Foul Ball, location: 2F 1-2: Foul Ball, location: 2F 1-2: Ball 2-2: Foul Ball, location: 2F 2-2: Ground out 5-3 (Groundball, 56S, EV 66.3 MPH)
|
|
Batting: RHB Kelly Heath
|
0-0: Called Strike 0-1: Foul Ball, location: 2F 0-2: Ground out 6-3 (Groundball, 6, EV 76.9 MPH)
|
| Top of the 9th over - 0 runs, 0 hits, 0 errors, 0 left on base; Louisville 3 - Columbus 2 |
| BOTTOM OF THE 9TH |
|
Columbus Clippers batting - Pitching for Louisville Stallions : RHP Al Gallegos
|
|
Now at 2B: Kiko Garcia
|
|
|
Batting: LHB Elijah Bonaparte
|
0-0: Ball 1-0: Called Strike 1-1: Foul Ball, location: 2F 1-2: Ball 2-2: Ball 3-2: Foul Ball, location: 2F 3-2: Base on Balls
|
|
Pinch Hitting: LHB Tony Ramirez
|
0-0: Bunt missed! 0-1: Bunted foul 0-2: Ball 1-2: Ball 2-2: Strikes out swinging
|
|
Batting: LHB Jordan Medrano
|
0-0: Hit by Pitch Elijah Bonaparte to second
|
|
Pinch Hitting: LHB Denny Porter
|
0-0: Foul Ball, location: 2F 0-1: Ball 1-1: Foul Ball, location: 2F 1-2: Ball 2-2: Foul Ball, location: 2F 2-2: Grounds into double play, 4-6-3 (Groundball, 4, EV 100.6 MPH)
|
| Bottom of the 9th over - 0 runs, 0 hits, 0 errors, 1 left on base; Louisville 3 - Columbus 2 |
|